 Dungeon Crawl Stone Soup version 0.17-a0-1997-ga88ed7d (webtiles) character file.

58 Maka the Ruffian (level 4, -5/28 HPs)
             Began as a Gargoyle Monk on Oct 8, 2015.
             Killed by nerve-wracking pain
             ... invoked by an orc priest
              (9 damage)
             ... on level 3 of the Dungeon.
             The game lasted 00:03:24 (1991 turns).

Maka the Ruffian (Gargoyle Monk)                    Turns: 1991, Time: 00:03:24

Health: -5/28      AC:  8    Str: 14    XL:     4   Next: 2%
Magic:  4/4        EV: 12    Int: 11    God:
Gold:   98         SH:  0    Dex: 13    Spells: 0 memorised, 3 levels left

rFire  . . .     SeeInvis .       - Unarmed
rCold  . . .     Clarity  .     a - +0 robe
rNeg   + . .     SustAt   .     (no shield)
rPois  ∞         Gourm    .     q - +0 helmet
rElec  +         Spirit   .     e - +0 cloak
rCorr  .         Warding  .     (no gloves)
rMut   .         Stasis   .     p - +0 pair of boots
MR     .....                    (no amulet)
Stlth  ++........               (no ring)
                                (no ring)

@: not resistant to hostile enchantments, unstealthy
A: negative energy resistance 1, electricity resistance, unbreathing,
petrification resistance, rot immunity, AC +3
a: no special abilities


You were on level 3 of the Dungeon.
You were not hungry.

You visited 1 branch of the dungeon, and saw 3 of its levels.

You collected 98 gold pieces.

Inventory:

Armour
 a - a +0 robe (worn)
 e - a +0 cloak (worn)
 p - a +0 pair of boots (worn)
 q - a +0 helmet (worn)
Scrolls
 d - 3 scrolls of recharging {unknown}
 h - 3 scrolls of teleportation {unknown}
 i - 6 scrolls of random uselessness {unknown}
 j - a scroll of remove curse {unknown}
 m - a scroll of identify {unknown}
 o - a scroll of magic mapping {unknown}
 r - a scroll of enchant weapon {unknown}
Potions
 f - a potion of magic {unknown}
 g - 2 potions of curing {unknown}
 k - a potion of flight {unknown}
 l - a potion of agility {unknown}
 s - a potion of resistance {unknown}
 t - a potion of lignification {unknown}
Comestibles
 b - a bread ration
 c - a beef jerky
 n - a royal jelly


   Skills:
 - Level 3.2 Fighting
 - Level 2.4 Dodging
 - Level 2.1 Stealth
 + Level 5.4 Unarmed Combat


You had 3 spell levels left.
You didn't know any spells.

Dungeon Overview and Level Annotations

Branches:
Dungeon (3/15)

Altars:


Innate Abilities, Weirdness & Mutations

You are resistant to torment.
Your stone body is resilient (AC +3).
You are immune to poison.
You resist negative energy.
You are resistant to electric shocks.
You can survive without breathing.
You are immune to petrification.
You are immune to rotting.


Message History

You have reached level 4!
You feel clever.
An orc and an orc priest come into view.
The orc priest shouts!
An orc comes into view. It is wielding a mace.
An orc priest comes into view.
The orc shouts!
The orc priest shouts!
The orc priest shouts!
The orc priest calls down the wrath of Beogh upon you.
Something smites you!
Ouch! That really hurt!
The orc priest calls down the wrath of Beogh upon you.
Something smites you!
* * * LOW HITPOINT WARNING * * *
Things that are here:
a falchion; an orc corpse You see here a hobgoblin corpse.
There is a stone staircase leading down here.
The orc priest calls down the wrath of Beogh upon you.
Pain shoots through your body!
You die...

#......#
#......#
##......#
#.......#
####.......#
#..<.......#
#....##.......#
#....
#..#....##
..#.###@#######
........>.###
.##.#.###.†.#
#...
###o###########
#..
#..o........#
#..
#####.......#
#.####.
#.......# .
.....##
#.....(.#
....#..o##
#.......#


You could see an orc priest and an orc.

Vanquished Creatures
  2 adders
  A giant gecko (D:2)
  An orc (D:3)
  A ball python (D:2)
  A giant cockroach (D:1)
  7 hobgoblins
  2 jackals (D:1)
  A quokka (D:2)
  2 bats
  3 giant newts
  4 goblins (D:1)
  3 kobolds
  9 rats
37 creatures vanquished.

Notes
Turn   | Place    | Note
--------------------------------------------------------------
     0 | D:1      | Maka the Gargoyle Monk began the quest for the Orb.
     0 | D:1      | Reached XP level 1. HP: 14/14 MP: 1/1
   157 | D:1      | Reached XP level 2. HP: 16/19 MP: 2/2
   703 | D:1      | Reached XP level 3. HP: 23/23 MP: 3/3
  1184 | D:2      | Reached skill level 5 in Unarmed Combat
  1960 | D:3      | Reached XP level 4. HP: 28/28 MP: 4/4
  1991 | D:3      | Killed from afar by an orc priest

Vault maps used:
D:1:      dpeg_arrival_rhombi
D:2:      kennysheep_pointless_box
D:3:      first_bread

Action                   |  1- 3 |  4- 6 || total
-------------------------+-------+-------++-------
Melee: Unarmed           |   107 |       ||   107
 Stab: Sleeping          |     8 |       ||     8
  Eat: Chunk             |     3 |       ||     3
